 Dungeon Crawl Stone Soup version 0.30-a0-799-g109b55a442 (webtiles) character file.

Game seed: 1724593415388176999

4476 Dittersdorf the Protected (level 10, -1/65 HPs)
             Began as a Gargoyle Fighter on Feb 20, 2023.
             Was a Believer of Okawaru.
             Slain by a death yak (8 damage)
             ... on level 7 of the Dungeon.
             The game lasted 00:14:11 (8135 turns).

Dittersdorf the Protected (Gargoyle Fighter)        Turns: 8135, Time: 00:14:12

Health: -1/65      AC: 23    Str: 25    XL:     10   Next: 38%
Magic:  10/10      EV:  8    Int:  8    God:    Okawaru [**....]
Gold:   329        SH:  6    Dex:  9    Spells: 9/9 levels left

rFire   + . .      SeeInvis .    a - +1 flail
rCold   + . .      Faith    .    i - +1 buckler {rC+}
rNeg    + . .      Spirit   .    g - +0 chain mail {rF+}
rPois   ∞          Reflect  .    (no helmet)
rElec   +          Harm     .    (no cloak)
rCorr   +          Rampage  .    z - +0 pair of gloves
Will    .....                    (no boots) Stlth
                                 v - amulet of the acrobat
HPRegen 0.30/turn                u - +4 ring of protection
MPRegen 0.12/turn                l - ring of resist corrosion

@: no status effects
A: sickness immunity, AC +7, negative energy resistance 1, electricity
resistance, torment resistance 1, petrification resistance
a: Renounce Religion, Heroism


You were on level 7 of the Dungeon.
You worshipped Okawaru.
Okawaru was pleased with you.
You visited 2 branches of the dungeon, and saw 9 of its levels.

You collected 329 gold pieces.

Inventory:

Hand Weapons
 a - a +1 flail (weapon)
Missiles
 r - a throwing net (quivered)
Armour
 g - a +0 chain mail of fire resistance (worn)
 i - a +1 buckler of cold resistance (worn)
 o - a +0 plate armour
 z - a +0 pair of gloves (worn)
Jewellery
 b - a ring of protection from fire
 c - a ring of willpower
 k - a ring of ice
 l - a ring of resist corrosion (right hand)
 u - a +4 ring of protection (left hand)
 v - an amulet of the acrobat (around neck)
Scrolls
 e - 3 scrolls of poison
 f - a scroll of teleportation
 h - a scroll of enchant armour
 j - a scroll of enchant weapon
 t - a scroll of fear
 y - 2 scrolls of identify
Potions
 d - a potion of might
 n - a potion of invisibility
 p - 2 potions of flight
 q - 2 potions of magic
 s - 2 potions of curing
 w - a potion of haste
 x - a potion of brilliance
 A - a potion of mutation


   Skills:
 + Level 8.8 Fighting
 + Level 7.7 Maces & Flails
 + Level 8.8 Armour
 + Level 8.8 Shields


You had 9 spell levels left.
You didn't know any spells.
Your spell library contained the following spells:

 Spells                   Type           Power      Damage    Failure   Level
 Blink                    Tloc           0%         N/A       99%         2
 Lesser Beckoning         Tloc           0%         N/A       99%         2
 Momentum Strike          Conj/Tloc      0%         3d8       99%         2
 Poisonous Vapours        Pois/Air       0%         N/A       99%         2
 Mephitic Cloud           Conj/Pois/Air  0%         N/A       100%        3
 Manifold Assault         Tloc           0%         N/A       100%        4
 Storm Form               Tmut/Air       0%         N/A       100%        7
 Summon Small Mammal      Summ           Unusable   N/A       N/A         1
 Cigotuvi's Dreadful Rot  Necr/Pois/Air  Unusable   N/A       N/A         2
 Call Canine Familiar     Summ           Unusable   N/A       N/A         3
 Summon Guardian Golem    Hex/Summ       Unusable   N/A       N/A         3

Dungeon Overview and Level Annotations

Branches:
Dungeon (8/15)             Temple (1/1) D:6
   Lair: D:8-11

Altars:
Ashenzari
Cheibriados
Dithmenos
Elyvilon
Fedhas
Gozag
Hepliaklqana
Kikubaaqudgha
Makhleb
Nemelex Xobeh
Okawaru
Qazlal
Ru
Sif Muna
Trog
Uskayaw
Vehumet
Wu Jian
Xom
Yredelemnul
Zin
The Shining One

Shops:
D:3 :


Innate Abilities, Weirdness & Mutations

You are immune to sickness and miasma.
Your stone body is resilient. (AC +7)
You are immune to poison.
You resist negative energy. (rN+)
You are resistant to electric shocks. (rElec)
You are resistant to unholy torment.
You are immune to petrification.


Message History

The death yak gores you but does no damage.
The rat barely misses you. You block the rat's attack. The hell rat bites you!
You hit the death yak but do no damage.
The death yak is moderately wounded.
The rat closely misses you. You block the hell rat's attack.
The rat bites you but does no damage. You block the rat's attack.
You block the death yak's attack.
You sock the death yak!
The death yak is heavily wounded.
The death yak is no longer moving slowly.
You block the rat's attack. You block the hell rat's attack.
The rat bites you but does no damage. x2
You hit the death yak but do no damage.
The death yak is heavily wounded.
The rat bites you but does no damage.
The death yak gores you but does no damage.
The hell rat bites you!
The rat bites you but does no damage. x2
You sock the death yak!
The death yak is heavily wounded.
You block the hell rat's attack.
The death yak gores you but does no damage.
The rat bites you but does no damage. x3
You sock the death yak!
The death yak is severely wounded.
The hell rat bites you.
* * * LOW HITPOINT WARNING * * *
The death yak gores you!
* * * LOW HITPOINT WARNING * * *
You block the rat's attack. The rat bites you but does no damage.
The rat barely misses you. The hell rat barely misses you.
You hit the death yak.
The death yak is severely wounded.
The rat barely misses you.
The death yak gores you but does no damage.
The hell rat bites you but does no damage.
The rat bites you but does no damage. You block the rat's attack.
The rat bites you.
* * * LOW HITPOINT WARNING * * *
The death yak gores you!
You die...

#.....#>)[.............
###.....$[)###....####.#.
#..........######.# #..#
#.#.........## #.# #..#
♣♣♣♣♣######....# #.##
#... ♣♣~~~~P~~~~~....#
#..# #...
♣~~~≈~~~~~~~....#
##.###...
♣♣≈≈≈≈~~P~~Yrr.###
#.......
♣♣~≈≈≈≈~~~~~~@r.#
####....
♣~~≈≈≈≈≈≈~~~~.r.# ##...
♣~≈≈≈≈≈≈~~~~....# #...
♣~≈≈≈≈≈≈~~~~~...# ###...
♣~P≈≈≈≈≈~~~~P...# #.....
♣♣~~≈≈≈≈~~~~~P..# #.#...
♣♣♣~~P~~P~~~...####
#.#... ♣♣♣~~~~~~~P.....#
####.#... ♣♣♣.#.........#
#.......#


You could see a death yak (poisoned), a hell rat and 3 rats.

Vanquished Creatures
  A death yak (D:7)
  Maggie (D:7)
  A hornet (D:7)
  2 steam dragons
  Menkaure (D:7)
  4 water moccasins
  A sky beast (D:6)
  An ice beast (D:7)
  An orc warrior (D:7)
  2 ogres (D:5)
  2 kobold brigands
  A phantom (D:5)
  A gnoll sergeant (D:6)
  2 necrophages
  5 scorpions
  10 wights
  2 electric eels (D:7)
  2 gnoll boudas
  2 jellies
  2 orc priests
  5 hounds
  3 iguanas
  5 orc wizards
  A hell rat (D:7)
  16 gnolls
  9 adders
  A shadow imp (D:5)
  3 white imps
  3 worms
  2 dart slugs (D:2)
  25 orcs
  3 endoplasms
  2 giant cockroaches
  5 goblins
  3 hobgoblins
  6 jackals
  18 kobolds
  5 quokkas
  5 ball pythons
  7 frilled lizards
  3 rats
174 creatures vanquished.

Vanquished Creatures (others)
  7 fungi (D:3)
  29 plants (D:7)
36 creatures vanquished.

Grand Total: 210 creatures vanquished

Notes
Turn   | Place    | Note
-------+----------+-------------------------------------------
     0 | D:1      | Dittersdorf the Gargoyle Fighter began the quest for the
                  | Orb.
     0 | D:1      | Reached XP level 1. HP: 14/14 MP: 1/1
   216 | D:1      | Reached XP level 2. HP: 19/19 MP: 2/2
   216 | D:1      | Found a faded altar of an unknown god.
   280 | D:1      | You fall into a shaft and drop 1 floor!
   552 | D:1      | Reached XP level 3. HP: 23/23 MP: 3/3
  1331 | D:2      | Reached XP level 4. HP: 24/29 MP: 4/4
  1816 | D:2      | Reached XP level 5. HP: 33/33 MP: 5/5
  1825 | D:3      | Found an opulent altar of Gozag.
  2318 | D:3      | Found Koptiz's Book Shoppe.
  2503 | D:4      | Reached XP level 6. HP: 39/39 MP: 6/6
  2562 | D:4      | Found an ancient bone altar of Kikubaaqudgha.
  2802 | D:4      | Found a stormy altar of Qazlal.
  2840 | D:4      | Found a sacrificial altar of Ru.
  2848 | D:4      | Reached skill level 5 in Shields
  2879 | D:4      | Reached skill level 5 in Fighting
  2879 | D:4      | Reached skill level 5 in Armour
  3097 | D:5      | Entered Level 5 of the Dungeon
  3181 | D:5      | Reached XP level 7. HP: 39/44 MP: 7/7
  3483 | D:5      | Identified the +6 war axe "Newtbane" {heavy, Fly rElec
                  | rPois Dex-5}
  3753 | D:5      | Reached XP level 8. HP: 33/51 MP: 8/8
  4046 | D:5      | Reached skill level 5 in Maces & Flails
  4624 | D:6      | Found a staircase to the Ecumenical Temple.
  4641 | Temple   | Entered the Ecumenical Temple
  4652 | Temple   | Became a worshipper of Warmaster Okawaru
  4988 | D:6      | Reached XP level 9. HP: 24/56 MP: 9/9
  5644 | D:7      | Found a broken altar of Ashenzari.
  5646 | D:7      | Identified the +2 robe "Xerr" {rC+}
  5646 | D:7      | Noticed Menkaure
  5657 | D:7      | Killed Menkaure
  5762 | D:7      | Reached * piety under Okawaru
  6350 | D:7      | Noticed Maggie
  6370 | D:7      | Killed Maggie
  6845 | D:7      | Reached ** piety under Okawaru
  7310 | D:7      | Reached XP level 10. HP: 55/64 MP: 10/10
  7380 | D:7      | HP: 2/64 [orc warrior/+0 dire flail (8)]
  7387 | D:7      | HP: 1/65 [kobold/+0 whip (3)]
  7864 | D:8      | Noticed a death yak
  7864 | D:8      | Noticed a death yak
  7869 | D:8      | Noticed a death yak
  8090 | D:7      | Killed a death yak
  8135 | D:7      | Slain by a death yak

Illustrated notes

Levels and vault maps discovered:
D:1:      minmay_arrival_split_and_join, layout_loops_ring,
          hellmonk_ecumenical_altar_blasted
D:2:      minmay_kobold_bridge, layout_basic, grunt_decor_one_mirror
D:3:      layout_rooms, mainiacjoe_overflow_cross_hatched, serial_shops,
          nicolae_lakefront_shop, dk_noncrumbling_4, kennysheep_path_1
D:4:      layout_rooms, mainiacjoe_overflow_24_doors, kiku_gazebo_pond_becter,
          lemuel_tele_altar
D:5:      layout_loops_corners, minmay_misc_feat_ornament
D:6:      layout_loops_ring, minmay_temple_entry_drinking_statues,
          corner_web_ring
D:7:      layout_basic, nicolae_ashenzari_skybound, serial_bayou,
          serial_bayou_shore_b, serial_bayou_lagoon_a, serial_bayou_crossing,
          serial_bayou_pond_a, serial_bayou_shore_a,
          minmay_misc_feat_secret_circle, uniq_maggie, uniq_menkaure
D:8:      layout_cave_pools, dpeg_lair_monsters, kennysheep_generic_room_14
Temple:   sentei_temple_godly_chess

Skill      XL: |  1  2  3  4  5  6  7  8  9 |
---------------+----------------------------+-----
Fighting       | 4 5 6 8 |  8.8
Shields        | 4 5 6 8 |  8.8
Maces & Flails | 3 4 5 7 |  7.7
Armour         | 4 5 6 8 |  8.8

Action                     |  1- 3 |  4- 6 |  7- 9 | 10-12 || total
---------------------------+-------+-------+-------+-------++-------
  Melee: Flail             |    92 |   171 |   431 |   158 ||   852
  Throw: Dart              |       |       |     6 |     9 ||    15
         Throwing net      |       |       |       |     2 ||     2
 Invoke: Heroism           |       |       |       |     3 ||     3
    Use: Scroll            |       |    13 |     6 |       ||    19
   Stab: Held in net/web   |       |       |       |     2 ||     2
 Armour: Scale mail        |    50 |    70 |       |       ||   120
         Chain mail        |       |    58 |   275 |   149 ||   482
  Dodge: Dodged            |    40 |   111 |   160 |    88 ||   399
  Block: Buckler           |    23 |    54 |   137 |    76 ||   290

Table legend: (Time is in decaauts)
 A = Elapsed time spent in this place.
 B = Non-inter-level travel time spent in this place.
 C = Inter-level travel time spent in this place.
 D = Time resting spent in this place.
 E = Time spent auto-exploring this place.
 F = Levels seen in this place.
 G = Mean time per level.
                   A        B        C        D        E       F      G
               +--------+--------+--------+--------+--------+-----+--------+
         Total |   8345 |   8009 |    336 |   1839 |   4135 |   9 |  927.2 |
       Dungeon |   8331 |   7995 |    336 |   1839 |   4135 |   8 | 1041.4 |
        Temple |     14 |     14 |      0 |      0 |      0 |   1 |   14.0 |
               +--------+--------+--------+--------+--------+-----+--------+

Top non-repeatable levels by time:
     D:7: 2232 daAuts
     D:6: 1555 daAuts
     D:5: 1188 daAuts
     D:2: 1106 daAuts
     D:1: 782 daAuts
     D:4: 691 daAuts
     D:3: 613 daAuts
     D:8: 160 daAuts
  Temple: 14 daAuts
